 Dungeon Crawl Stone Soup version 0.28-a0-863-g8cecda6153 (webtiles) character file.

Game seed: 1808710741450809763

245 Zenkrye the Conjurer (level 5, -5/35 (38) HPs)
             Began as a Demigod Conjurer on Nov 16, 2021.
             Slain by a wight (12 damage)
             ... on level 4 of the Dungeon.
             The game lasted 00:11:17 (4587 turns).

Zenkrye the Conjurer (Demigod Conjurer)             Turns: 4587, Time: 00:11:17

HP:   -5/35 (38)    AC:  5    Str:  8    XL:     5   Next: 53%
MP:   4/12          EV: 12    Int: 24    God:
Gold: 166           SH:  0    Dex: 12    Spells: 3/10 levels left

rFire   . . .      SeeInvis .   u - +2 falchion of Lazuj {protect, Will+}
rCold   . . .      Faith    .   (no shield)
rNeg    . . .      Spirit   .   a - +1 robe
rPois   .          Reflect  .   m - +0 helmet
rElec   .          Harm     .   (no cloak)
rCorr   .          Rampage  .   s - +0 pair of gloves
Will    ++...                   (no boots)
Stlth   ++........              (no amulet)
HPRegen 0.11/turn               d - ring of flight
MPRegen 0.13/turn               p - ring of willpower

@: flying, drained
A: high mp 1, forlorn
a: no special abilities


You were on level 4 of the Dungeon.
You visited 1 branch of the dungeon, and saw 4 of its levels.

You collected 166 gold pieces.

Inventory:

Hand Weapons
 f - a +0 rapier
 q - a +2 dagger of venom
 u - the +2 falchion of Lazuj (weapon) {protect, Will+}
   (You found it on level 4 of the Dungeon)

   It grants its wielder temporary protection when it strikes (+7 to AC).
   Will:      It increases your willpower.
Missiles
 k - 6 boomerangs
 l - 16 poisoned darts
Armour
 a - a +1 robe (worn)
 m - a +0 helmet (worn)
 s - a +0 pair of gloves (worn)
Jewellery
 d - a ring of flight (left hand)
 p - a ring of willpower (right hand)
 r - an amulet of guardian spirit
Scrolls
 i - a scroll of identify {@r1}
 n - a scroll of blinking {unknown}
Potions
 b - a potion of berserk rage
 c - 2 potions of might {@q4}
 e - a potion of lignification {unknown}
 g - a potion of attraction {unknown}
 h - a potion of cancellation {unknown}
 j - 3 potions of haste {unknown}
 o - a potion of flight {unknown}
 t - a potion of heal wounds {unknown}


   Skills:
 - Level 1.7 Dodging
 - Level 1.7 Stealth
 - Level 3.0 Spellcasting
 + Level 5.3 Conjurations
 + Level 2.2 Translocations


You had 3 spell levels left.
You knew the following spells:

 Your Spells              Type           Power      Damage    Failure   Level
a - Magic Dart            Conj           100%       1d8       1%          1
b - Searing Ray           Conj           58%        2d6       1%          2
q - Iskenderun's Mystic   Conj/Tloc      21%        2d6       22%         4

Your spell library contained the following spells:

 Spells                   Type           Power      Damage    Failure   Level
 Animate Skeleton         Necr           6%         N/A       11%         1
 Pain                     Necr           12%        1d4       11%         1
 Dazzling Flash           Conj/Hex       32%        N/A       11%         3
 Corpse Rot               Necr/Air       6%         N/A       16%         2
 Poisonous Vapours        Pois/Air       6%         N/A       16%         2
 Ozocubu's Armour         Ice            3%         N/A       32%         3
 Vampiric Draining        Necr           3%         2d6       32%         3
 Fulminant Prism          Conj/Hex       8%         3d7       34%         4
 Ozocubu's Refrigeration  Ice            1%         4d5       100%        7


Dungeon Overview and Level Annotations

Branches:
Dungeon (4/15)             Temple (0/1) D:4

Shops:
D:3 [

Annotations:
D:3 Sigmund


Innate Abilities, Weirdness & Mutations

Your attributes grow dramatically as you level up.
You have an increased reservoir of magic. (+10% MP)
You shall have no god before yourself.


Message History

A wight is nearby!
Casting: Searing Ray (safe; 1% risk of failure)
Confirm with . or Enter, or press ? or * to list all spells.
Aiming: Magic Dart (safe; 1% risk of failure)
Press: ? - help, Shift-Dir - straight line, f - wight
Aim: a wight, wielding a +4 falchion of freezing and wearing a +0 robe (wandering, hasn't noticed you, 100% to hit)
The magic dart hits the wight!
The wight is heavily damaged.
Casting: Magic Dart (safe; 1% risk of failure)
Confirm with . or Enter, or press ? or * to list all spells.
Aiming: Searing Ray (safe; 1% risk of failure)
Press: ? - help, Shift-Dir - straight line, f/p - wight
Aim: a wight, wielding a +4 falchion of freezing and wearing a +0 robe (heavily damaged, 79% to hit)
The searing ray misses the wight. (Press . to maintain the ray.)
The searing ray hits the wight.
The wight is heavily damaged.
The searing ray hits the wight.
The wight is severely damaged.
The searing ray misses the wight.
You finish channelling your searing ray.
The wight hits you with a +4 falchion of freezing.
You feel drained. The wight freezes you.
Casting: Searing Ray (safe; 1% risk of failure)
Confirm with . or Enter, or press ? or * to list all spells.
Aiming: Searing Ray (safe; 1% risk of failure)
Press: ? - help, Shift-Dir - straight line, f/p - wight
Aim: a wight, wielding a +4 falchion of freezing and wearing a +0 robe (severely damaged, 79% to hit)
The searing ray hits the wight.
The wight is almost destroyed. (Press . to maintain the ray.)
The wight hits you with a +4 falchion of freezing!
You feel drained.
* * * LOW HITPOINT WARNING * * *
The wight freezes you.
* * * LOW HITPOINT WARNING * * *
The searing ray hits the wight but does no damage.
The wight is almost destroyed.
The wight hits you with a +4 falchion of freezing!
You die...

######.# #.# #.# #..#.
#......# #.# #.# #..#.
#.###### #.# #.# ##..#.
#.# #.#####.####....# #.#
##.#............##
#.#######........####...#
#...<>.....#.##### ###.##
#########..#.### ##.#
#@##...# ##. #z####.# #.
#.# #z# #. #.# #.# #.
##.####.# #. #...#..z# ##
#.#.#...#####
#............#
#..#.#......)#


You could see a wight.

Vanquished Creatures
  2 wights (D:4)
  A hound (D:4)
  An iguana (D:4)
  A hound skeleton (D:4)
  Robin (D:3)
  3 worms
  A dart slug (D:3)
  4 orcs (D:3)
  5 bats
  5 endoplasms
  A giant cockroach (D:1)
  11 goblins
  8 hobgoblins
  4 jackals (D:3)
  7 kobolds
  6 ball pythons
  3 frilled lizards
  5 rats
69 creatures vanquished.

Notes
Turn   | Place    | Note
-------+----------+-------------------------------------------
     0 | D:1      | Zenkrye the Demigod Conjurer began the quest for the Orb.
     0 | D:1      | Reached XP level 1. HP: 14/14 MP: 5/5
   566 | D:1      | Reached XP level 2. HP: 20/20 MP: 4/7
   569 | D:1      | Learned a level 2 spell: Searing Ray
  1204 | D:2      | Reached skill level 4 in Conjurations
  2300 | D:3      | Reached XP level 3. HP: 26/26 MP: 5/9
  2413 | D:3      | Noticed Robin
  2448 | D:3      | Killed Robin
  2867 | D:3      | Found Mebo's Armour Shoppe.
  2964 | D:3      | Reached XP level 4. HP: 33/33 MP: 7/11
  3180 | D:3      | Noticed Sigmund
  3825 | D:3      | Learned a level 4 spell: Iskenderun's Mystic Blast
  3837 | D:4      | Found a staircase to the Ecumenical Temple.
  3963 | D:4      | Reached skill level 1 in Translocations
  4139 | D:4      | Identified the +2 falchion of Lazuj {protect, Will+}
  4183 | D:4      | Reached skill level 5 in Conjurations
  4183 | D:4      | Reached XP level 5. HP: 19/38 MP: 3/12
  4587 | D:4      | Slain by a wight

Illustrated notes

Levels and vault maps discovered:
D:1:      saegor_arrival_simple_b, layout_loops_ring, basic_ecumenical_altar
D:2:      layout_basic, basic_altar
D:3:      layout_basic, serial_shops, shop, uniq_sigmund, uniq_robin
D:4:      layout_loops_ring, mainiacjoe_overflow_six_doors_small,
          minmay_temple_entry_antechambers

Skill      XL: |  1  2  3  4  5 |
---------------+----------------+-----
Spellcasting   | 2 3 |  3.0
Conjurations   | 4 5 |  5.3
Translocations | 1 2 |  2.2
Dodging        | |  1.7
Stealth        | |  1.7

Action                   |  1- 3 |  4- 6 || total
-------------------------+-------+-------++-------
Melee: Unarmed           |    12 |       ||    12
       Short sword       |    23 |     2 ||    25
 Cast: Magic Dart        |    66 |    24 ||    90
       Searing Ray       |    10 |    10 ||    20
       Iskenderun's Myst |       |     1 ||     1
  Use: Scroll            |     3 |     2 ||     5
       Potion            |       |     1 ||     1
 Stab: Sleeping          |       |     1 ||     1
Armor: Robe              |    13 |     1 ||    14
Dodge: Dodged            |    42 |     7 ||    49

Table legend: (Time is in decaauts)
 A = Elapsed time spent in this place.
 B = Non-inter-level travel time spent in this place.
 C = Inter-level travel time spent in this place.
 D = Time resting spent in this place.
 E = Time spent auto-exploring this place.
 F = Levels seen in this place.
 G = Mean time per level.
                   A        B        C        D        E       F      G
               +--------+--------+--------+--------+--------+-----+--------+
         Total |   4589 |   4382 |    207 |    524 |   3297 |   4 | 1147.2 |
       Dungeon |   4589 |   4382 |    207 |    524 |   3297 |   4 | 1147.2 |
               +--------+--------+--------+--------+--------+-----+--------+

Top non-repeatable levels by time:
     D:2: 1487 daAuts
     D:1: 1186 daAuts
     D:3: 1169 daAuts
     D:4: 745 daAuts
